 Dungeon Crawl Stone Soup version 0.29.1-2-gbd0b4ee654 (webtiles) character file.

Game seed: 10646158717410518767

4560 safid the Skirmisher (level 10, 0/88 HPs)
             Began as a Minotaur Hunter on Nov 1, 2022.
             Was an Elder of Okawaru.
             Slain by an eight-headed hydra (12 damage)
             ... on level 8 of the Dungeon.
             The game lasted 00:19:08 (8382 turns).

safid the Skirmisher (Minotaur Hunter)              Turns: 8382, Time: 00:19:10

Health: 0/88       AC:  8    Str: 17    XL:     10   Next: 18%
Magic:  9/9        EV: 14    Int:  6    God:    Okawaru [****..]
Gold:   165        SH:  0    Dex: 17    Spells: 9/9 levels left

rFire   . . .      SeeInvis .   C - +1 longbow (freeze)
rCold   + . .      Faith    .   (shield currently unavailable)
rNeg    . . .      Spirit   .   p - +0 acid dragon scales
rPois   +          Reflect  .   (helmet restricted)
rElec   .          Harm     .   (no cloak)
rCorr   +          Rampage  .   (no gloves)
Will    .....                   c - +0 pair of boots
Stlth   +.........              (no amulet)
HPRegen 0.24/turn               e - ring of poison resistance
MPRegen 0.11/turn               f - ring of protection from cold

@: about to teleport, very slow
A: horns 2, retaliatory headbutt
a: Renounce Religion, Heroism, Finesse


You were on level 8 of the Dungeon.
You worshipped Okawaru.
Okawaru was greatly pleased with you.
You visited 2 branches of the dungeon, and saw 9 of its levels.
You also visited: Sewer.

You collected 383 gold pieces.
You spent 218 gold pieces at shops.

Inventory:

Hand Weapons
 C - a +1 longbow of freezing (weapon)
Missiles
 q - 6 curare-tipped darts
Armour
 c - a +0 pair of boots (worn)
 p - +0 acid dragon scales (worn)
Jewellery
 e - a ring of poison resistance (left hand)
 f - a ring of protection from cold (right hand)
 z - a ring of protection from fire
Wands
 u - a wand of mindburst (9)
Scrolls
 g - a scroll of amnesia
 i - 5 scrolls of magic mapping
 k - a scroll of silence {unknown}
 m - 5 scrolls of teleportation
 x - 2 scrolls of noise {unknown}
 y - 3 scrolls of blinking {unknown}
 A - a scroll of enchant weapon {unknown}
 B - a scroll of enchant armour {unknown}
Potions
 a - a potion of resistance {unknown}
 b - a potion of brilliance {unknown}
 d - 8 potions of curing
 l - a potion of haste {unknown}
 n - 2 potions of invisibility
 o - 6 potions of mutation
 r - a potion of lignification {unknown}
 w - a potion of attraction {unknown}
 D - a potion of berserk rage {unknown}
 E - 2 potions of flight


   Skills:
 - Level 8.0 Fighting
 + Level 13.8 Ranged Weapons
 + Level 4.8 Armour
 + Level 5.0 Dodging
 - Level 0.7 Stealth


You had 9 spell levels left.
You didn't know any spells.
Your spell library contained the following spells:

 Spells                   Type           Power      Damage    Failure   Level
 Apportation              Tloc           0%         N/A       54%         1
 Magic Dart               Conj           0%         1d3       54%         1
 Necrotise                Necr           0%         1d4       54%         1
 Sandblast                Erth           0%         2d4       54%         1
 Passwall                 Tmut/Erth      0%         N/A       69%         2
 Searing Ray              Conj           0%         2d4       69%         2
 Frozen Ramparts          Ice            0%         1d1       89%         3
 Ozocubu's Armour         Ice            0%         N/A       89%         3
 Stone Arrow              Conj/Erth      0%         3d7       89%         3
 Vampiric Draining        Necr           0%         2d6       89%         3
 Fulminant Prism          Conj/Hex       0%         3d6       100%        4
 Ice Form                 Ice/Tmut       0%         N/A       100%        4
 Agony                    Necr           0%         N/A       100%        5
 Alistair's Intoxication  Tmut/Pois      0%         N/A       100%        5
 Blade Hands              Tmut           0%         N/A       100%        5
 Iron Shot                Conj/Erth      0%         9d1       100%        6
 Ozocubu's Refrigeration  Ice            0%         4d7       100%        7
 Animate Armour           Summ/Erth      Unusable   N/A       N/A         4
 Summon Ice Beast         Ice/Summ       Unusable   N/A       N/A         4

Dungeon Overview and Level Annotations

Branches:
Dungeon (8/15)             Temple (1/1) D:5           Sewer (visited)
   Lair: D:8-11

Altars:
Ashenzari
Cheibriados
Dithmenos
Elyvilon
Fedhas
Gozag
Hepliaklqana
Kikubaaqudgha
Nemelex Xobeh
Okawaru
Qazlal
Ru
Trog
Uskayaw
Vehumet
Wu Jian
Xom
Yredelemnul
Zin
The Shining One

Shops:
D:6 (

Annotations:
D:3 1 runed translucent door, safid's ghost, amateur MiHu
D:5 3 runed translucent doors, BuzzyBeetle's ghost, novice DECj
D:6 1 runed translucent door, LustLizard's ghost, novice DjFE


Innate Abilities, Weirdness & Mutations

You have a pair of horns on your head.
You reflexively headbutt those who attack you in melee.


Message History

Things that are here:
a +0 scimitar; a +0 robe The eight-headed hydra roars!
Items here: ( ))))) [[[ ÷.
You enter the shallow water.
Moving in this stuff is going to be slow.
The eight-headed hydra closely misses you.
You furiously retaliate!
You headbutt the eight-headed hydra.
The eight-headed hydra bites you but does no damage.
The eight-headed hydra misses you. The eight-headed hydra bites you!
The eight-headed hydra misses you. x2; The eight-headed hydra bites you!
The eight-headed hydra bites you.
Unknown command.
As you read the scroll of teleportation, it crumbles to dust.
You feel strangely unstable. The eight-headed hydra bites you. x2
The eight-headed hydra closely misses you.
The eight-headed hydra bites you. x2
The eight-headed hydra barely misses you.
The eight-headed hydra bites you but does no damage.
The eight-headed hydra bites you!
Unknown command.
The eight-headed hydra attacks as you move away!
The eight-headed hydra barely misses you.
The eight-headed hydra completely misses you.
The eight-headed hydra barely misses you.
The eight-headed hydra bites you. The eight-headed hydra bites you!
The eight-headed hydra bites you but does no damage.
The eight-headed hydra closely misses you.
The eight-headed hydra bites you!
The eight-headed hydra completely misses you.
The eight-headed hydra barely misses you.
The eight-headed hydra bites you.
* * * LOW HITPOINT WARNING * * *
The eight-headed hydra closely misses you.
The eight-headed hydra bites you!
* * * LOW HITPOINT WARNING * * *
The eight-headed hydra bites you.
* * * LOW HITPOINT WARNING * * *
The eight-headed hydra bites you!
You die...

#.....#....# #..#
#.....#....# ♣# #..#
......#....# ♣♣~# #..#
#.....####.# .~♣ #.
#.....# #.#♣♣~. . ♣#.#
....### #..♣~♣♣♣#
#♣♣D♣♣... ....#
#...~.~.# ....†...#
....# #..~≈~)~#
♣♣.♣♣.... #...#
#.#♣~♣♣@## ##♣.♣.♣#..#
#####
#.#♣♣♣♣D#.###.#.♣.♣.#..)
#.# ♣♣♣~# ... #♣.♣.♣#..#
#.#♣♣.~♣# ♣.♣ #.♣.♣.#..
#.#≈≈~.♣ ♣.♣ #♣.♣.♣#..
#.#♣♣.♣♣ ♣.♣ #.♣.♣.#..
♣.♣ ###.###♣♣)♣♣#..
♣♣)♣♣#...).#.....#..
#♣...♣#♣...♣#.♣♣♣.#..


You could see an eight-headed hydra.

Vanquished Creatures
  A two-headed ogre (D:8)
  3 steam dragons (D:8)
  An acid dragon (D:8)
  4 water moccasins
  2 orc warriors
  2 ice beasts
  3 sky beasts
  A black bear (D:8)
  An ogre (D:6)
  4 phantoms
  2 necrophages
  4 scorpions
  6 bullfrogs
  6 wights
  4 howler monkeys
  A gnoll bouda (D:8)
  A hound (D:7)
  A jelly (D:8)
  2 orc priests (D:7)
  Ijyb (D:3)
  3 iguanas
  9 orc wizards
  4 gnolls (D:3)
  11 adders
  A river rat (D:6)
  A white imp (D:6)
  An ufetubus (D:5)
  2 worms
  A dart slug (D:2)
  21 orcs
  12 ball pythons
  9 endoplasms
  5 giant cockroaches
  12 goblins
  8 hobgoblins
  6 jackals
  7 quokkas
  5 bats
  12 frilled lizards
  5 kobolds (D:1)
  8 rats
193 creatures vanquished.

Vanquished Creatures (others)
  A human (D:6)
  A fungus (D:5)
  125 plants
  2 withered plants (D:3)
129 creatures vanquished.

Grand Total: 322 creatures vanquished

Notes
Turn   | Place    | Note
-------+----------+-------------------------------------------
     0 | D:1      | safid the Minotaur Hunter began the quest for the Orb.
     0 | D:1      | Reached XP level 1. HP: 18/18 MP: 0/0
    51 | D:1      | Reached XP level 2. HP: 25/26 MP: 1/1
   325 | D:1      | Reached XP level 3. HP: 29/31 MP: 2/2
   356 | D:1      | Reached skill level 5 in Ranged Weapons
  1359 | D:2      | Reached XP level 4. HP: 40/40 MP: 3/3
  2097 | D:3      | Reached XP level 5. HP: 39/47 MP: 4/4
  2178 | D:3      | Found a runed translucent door.
  2178 | D:3      | Noticed safid's ghost (amateur MiHu)
  2302 | D:3      | Noticed Ijyb
  2321 | D:3      | Killed Ijyb
  2322 | D:3      | Reached skill level 5 in Fighting
  2322 | D:3      | Reached skill level 6 in Ranged Weapons
  3129 | D:4      | Reached XP level 6. HP: 45/57 MP: 5/5
  3679 | D:4      | Reached skill level 7 in Ranged Weapons
  3769 | D:4      | Reached XP level 7. HP: 58/64 MP: 6/6
  3918 | D:5      | Entered Level 5 of the Dungeon
  4100 | D:5      | Found a staircase to the Ecumenical Temple.
  4170 | Temple   | Entered the Ecumenical Temple
  4206 | Temple   | Became a worshipper of Warmaster Okawaru
  4623 | D:5      | Reached skill level 8 in Ranged Weapons
  4654 | D:5      | Found a runed translucent gate.
  4654 | D:5      | Found a runed translucent gate.
  4659 | D:5      | Found a runed translucent gate.
  4775 | D:5      | Noticed BuzzyBeetle's ghost (novice DECj)
  5017 | D:6      | Found Niuch's Antique Weapon Emporium.
  5058 | D:6      | Bought a glowing longbow for 218 gold pieces
  5173 | D:6      | Found a runed translucent door.
  5191 | D:6      | Reached * piety under Okawaru
  5192 | D:6      | Reached skill level 9 in Ranged Weapons
  5192 | D:6      | Reached XP level 8. HP: 15/74 MP: 7/7
  5310 | D:6      | Found a glowing drain.
  5314 | Sewer    | Entered a sewer
  5977 | D:6      | Reached skill level 10 in Ranged Weapons
  6035 | D:6      | Found an ancient bone altar of Kikubaaqudgha.
  6543 | D:6      | Noticed LustLizard's ghost (novice DjFE)
  6568 | D:7      | Reached ** piety under Okawaru
  6569 | D:7      | Reached skill level 11 in Ranged Weapons
  6753 | D:7      | Reached XP level 9. HP: 61/81 MP: 8/8
  6879 | D:7      | Reached skill level 12 in Ranged Weapons
  7652 | D:8      | Reached *** piety under Okawaru
  7653 | D:8      | Reached skill level 13 in Ranged Weapons
  7687 | D:8      | Noticed an eight-headed hydra
  7773 | D:8      | Reached skill level 1 in Armour
  8006 | D:8      | Noticed a two-headed ogre
  8013 | D:8      | Killed a two-headed ogre
  8013 | D:8      | Reached **** piety under Okawaru
  8014 | D:8      | Reached XP level 10. HP: 74/88 MP: 9/9
  8314 | D:8      | Reached skill level 5 in Dodging
  8382 | D:8      | Slain by an eight-headed hydra

Illustrated notes

Levels and vault maps discovered:
D:1:      roderic_crop_circles_arrival_small, layout_basic,
          minmay_indecisive_spiral
D:2:      layout_loops_cross
D:3:      layout_basic, gammafunk_ghost_grave, uniq_ijyb
D:4:      minmay_wonky_spiral, layout_loops_cross,
          hangedman_decor_diamond_cutter
D:5:      layout_basic, minmay_temple_entry_glassed_door,
          gammafunk_ghost_nasty_kobolds
D:6:      layout_loops_ring, tgw_kikubaaqudgha, serial_shops, shop,
          ebering_ghost_sewer_d, gup_sewer_entry_spiral, grunt_ministairs_12,
          supply_closet_lemuel, nicolae_lava_and_water
D:7:      layout_basic, minmay_starry_boxes
D:8:      nzn_winding_woodlands_medium [nzn_winding_woodlands_5x5_open_star,
          nzn_winding_woodlands_5x15_lazy_stream,
          nzn_winding_woodlands_5x5_checkerboard,
          nzn_winding_woodlands_hourglass,
          nzn_winding_woodlands_center_pierced_h,
          nzn_winding_woodlands_5x5_cross, nzn_winding_woodlands_5x5_perimeter,
          nzn_winding_woodlands_5x15_split_checker,
          nzn_winding_woodlands_5x5_three], layout_basic,
          lemuel_coloured_pillars_altar
Temple:   hellmonk_temple_of_storms

Skill      XL: |  1  2  3  4  5  6  7  8  9 10 |
---------------+-------------------------------+-----
Fighting       | 3 4 5 6 8 |  8.0
Ranged Weapons | 5 6 7 9 11 13 | 13.8
Armour         | 4 |  4.8
Dodging        | 4 5 |  5.0
Stealth        | |  0.7

Action                   |  1- 3 |  4- 6 |  7- 9 | 10-12 || total
-------------------------+-------+-------+-------+-------++-------
 Fire: Shortbow          |   114 |   191 |    74 |       ||   379
       Longbow           |       |       |   258 |    36 ||   294
  Use: Potion            |       |       |     3 |     3 ||     6
       Scroll            |       |       |     8 |     1 ||     9
Armor: Leather armour    |     3 |       |       |       ||     3
       Scale mail        |    28 |    51 |    62 |       ||   141
       Acid dragon scale |       |       |     2 |    17 ||    19
Dodge: Dodged            |    42 |    61 |    94 |    31 ||   228
